 Dungeon Crawl Stone Soup version 0.27.1-1-g398f81649c (webtiles) character file.

Game seed: 15830447992827038698

1612 nxtlvl the Cleaver (level 8, -9/70 HPs)
             Began as a Grey Draconian Berserker on Sept 7, 2021.
             Was a Priest of Trog.
             Mangled by Harold (10 damage)
             ... on level 7 of the Dungeon.
             The game lasted 00:18:23 (1420 turns).

nxtlvl the Cleaver (Grey Draconian Berserker)       Turns: 1420, Time: 00:18:24

Health: -9/70      AC: 11    Str: 20    XL:     8   Next: 63%
Magic:  8/8        EV: 12    Int:  7    God:    Trog [***...]
Gold:   138        SH: 12    Dex: 13    Spells: 7/7 levels left

rFire    . . .     SeeInvis .   a - +1 war axe
rCold    . . .     Faith    .   h - +1 tower shield
rNeg     + . .     Spirit   .   (armour unavailable)
rPois    .         Reflect  .   (helmet restricted)
rElec    .         Harm     .   (no cloak)
rCorr    .         Rampage  .   (no gloves)
Will     .....                  (no boots)
Stlth    +.........             (no amulet)
HPRegen  0.21/turn              p - ring of positive energy
MPRegen  0.11/turn              e - +4 ring of evasion

@: marked, on berserk cooldown
A: AC +11, amphibious, unfitting armour, cold-blooded
a: Renounce Religion, Berserk, Trog's Hand


You were on level 7 of the Dungeon.
You worshipped Trog.
Trog was most pleased with you.
You visited 1 branch of the dungeon, and saw 7 of its levels.
You also visited: Sewer.

You collected 138 gold pieces.

Inventory:

Hand Weapons
 a - a +1 war axe (weapon)
 b - a +1 shortbow of flaming
 c - a +0 battleaxe of electrocution
Missiles
 n - 62 arrows
Armour
 h - a +1 tower shield (worn)
Jewellery
 e - a +4 ring of evasion (right hand)
 p - a ring of positive energy (left hand)
Wands
 f - a wand of charming (14)
Scrolls
 j - 3 scrolls of enchant armour
 k - a scroll of enchant weapon
 o - a scroll of noise
Potions
 d - a potion of cancellation
 i - a potion of mutation


   Skills:
 + Level 5.8 Fighting
 * Level 9.1 Axes
 + Level 4.8 Dodging
 + Level 2.7 Evocations


You had 7 spell levels left.
You didn't know any spells.
Your spell library contained the following spells:

 Spells                   Type           Power      Damage    Failure   Level
 Foxfire                  Conj/Fire      0%         2x1d4     100%        1
 Conjure Flame            Conj/Fire      0%         6-21      100%        3
 Inner Flame              Hex/Fire       0%         N/A       100%        3
 Summon Lightning Spire   Summ/Air       0%         N/A       100%        4
 Storm Form               Tmut/Air       0%         N/A       100%        7
 Maxwell's Capacitive Co  Air            0%         ∞         100%        8


Dungeon Overview and Level Annotations

Branches:
Dungeon (7/15)             Temple (0/1) D:5           Sewer (visited)

Altars:
Ashenzari
Hepliaklqana
Trog

Shops:
D:4 (   D:5 *   D:6 *[

Annotations:
D:7 Harold


Innate Abilities, Weirdness & Mutations

Your dull iron-grey scales are very hard. (AC +11)
You are amphibious.
You cannot fit into any form of body armour.
You are cold-blooded and may be slowed by cold attacks.


Message History

You hear a loud clanging noise!
It was a scroll of noise.
Harold hits you with a +0 short sword!
This is a scroll of acquirement!
Press: ? - help, v - describe, . - travel, g - get item Item here: a throwing net.
The floor, spattered with blood.
Something appears at your feet! Harold hits you but does no damage.
Harold barely misses you.
Okay, then.
As you read the scroll labelled LICWIDOFOWK, it crumbles to dust.
The creatures around you are filled with an inner flame!
It was a scroll of immolation.
Harold hits you but does no damage.
It was a potion of flight.
You feel very buoyant.
You fly up into the air.
Harold barely misses you. Harold hits you with a +0 short sword!
c - a +0 battleaxe of electrocution Harold hits you but does no damage.
Okay, then.
Your magical effects are unravelling.
You feel magically purged.
You feel yourself speed up.
You float gracefully downwards.
The sentinel's mark upon you fades away.
Harold gestures at you while chanting. A sentinel's mark forms upon you.
Harold barely misses you.
You can't wield that with a shield.
Unknown command.
You struggle against the net.
Harold hits you with a +0 short sword!
* * * LOW HITPOINT WARNING * * *
Okay, then.
Okay, then.
You struggle against the net.
Harold hits you with a +0 short sword.
* * * LOW HITPOINT WARNING * * *
You tear a large gash into the net.
Harold hits you with a +0 short sword!
* * * LOW HITPOINT WARNING * * *
Unknown command.
You rip the net and break free!
Harold hits you with a +0 short sword!
You die...

/. #. ..# #.
...##. ?....
... #
#.#####
..#?.#..@@.#
........##.#
.P......##.#
_...#...##)#
.P.
#$.###†###
.. ... #...#
.##. ###.#
.. #> #.# ##
#. #.#


You could see Harold (inner flame).

Vanquished Creatures
  A water moccasin (D:5)
  Purgy (Sewer)
  2 orc warriors (D:6)
  2 black bears (D:7)
  An ogre (D:4)
  3 centaurs
  A phantom (D:6)
  Blork the orc (D:6)
  2 scorpions (D:4)
  2 water moccasin skeletons (D:6)
  A howler monkey (D:4)
  A hound (D:6)
  2 orc priests (D:5)
  A centaur skeleton (D:4)
  4 orc wizards
  2 hound skeletons
  3 gnolls (D:4)
  An adder (D:4)
  3 river rats (D:3)
  13 orcs
  3 ball pythons
  An endoplasm (D:3)
  3 giant cockroaches
  3 goblins
  2 jackals (Sewer)
  2 frilled lizards
  A jackal skeleton (D:4)
  5 kobolds
  3 rats (D:3)
70 creatures vanquished.

Notes
Turn   | Place    | Note
-------+----------+-------------------------------------------
     0 | D:1      | nxtlvl the Draconian Berserker began the quest for the Orb.
     0 | D:1      | Reached XP level 1. HP: 19/19 MP: 1/1
    70 | D:3      | Found a glowing drain.
    76 | D:3      | Reached XP level 2. HP: 26/26 MP: 2/2
    82 | D:3      | Reached skill level 4 in Axes
    85 | D:3      | Reached XP level 3. HP: 27/31 MP: 3/3
   111 | Sewer    | Entered a sewer
   170 | Sewer    | Noticed Purgy
   181 | Sewer    | Killed Purgy
   182 | Sewer    | Reached skill level 5 in Axes
   182 | Sewer    | Reached XP level 4. HP: 38/38 MP: 4/4
   182 | Sewer    | Reached XP level 5. HP: 45/45 MP: 5/5
   286 | D:4      | Reached skill level 6 in Axes
   343 | D:4      | Reached ** piety under Trog
   396 | D:4      | Reached XP level 6. HP: 47/51 MP: 6/6
   600 | D:4      | Found Ureowk's Weapon Shop.
   618 | D:4      | Reached skill level 7 in Axes
   660 | D:5      | Entered Level 5 of the Dungeon
   676 | D:6      | Your scales start taking on a dull iron-grey colour.
   676 | D:6      | Reached XP level 7. HP: 45/59 MP: 7/7
   679 | D:6      | Found Wukh's Antique Armour Shoppe.
   798 | D:6      | Found Jugeuts's Assorted Antiques.
   888 | D:5      | Found Gomi's Assorted Antiques.
   948 | D:5      | Found a broken altar of Ashenzari.
   954 | D:5      | Saw a vision of the Shoals and the Spider Nest.
   954 | D:5      | Noticed a merfolk
   954 | D:5      | Noticed a merfolk
   954 | D:5      | Noticed a merfolk
   954 | D:5      | Noticed a sea snake
   954 | D:5      | Noticed a sea snake
   954 | D:5      | Noticed a sea snake
   954 | D:5      | Noticed a merfolk
   954 | D:5      | Noticed a wolf spider
   954 | D:5      | Noticed a redback
   954 | D:5      | Noticed a wolf spider
   954 | D:5      | Noticed a redback
   954 | D:5      | Noticed a redback
   954 | D:5      | Noticed a merfolk siren
  1011 | D:5      | Reached skill level 8 in Axes
  1014 | D:5      | Reached skill level 5 in Fighting
  1017 | D:5      | Reached skill level 1 in Evocations
  1028 | D:5      | Reached XP level 8. HP: 24/68 MP: 8/8
  1041 | D:5      | Found a staircase to the Ecumenical Temple.
  1094 | D:6      | Found a hazy altar of Hepliaklqana.
  1336 | D:6      | Noticed Blork the orc
  1343 | D:6      | Killed Blork the orc
  1378 | D:7      | Found a bloodstained altar of Trog.
  1397 | D:7      | Reached skill level 9 in Axes
  1401 | D:7      | Reached *** piety under Trog
  1408 | D:7      | Noticed Harold
  1412 | D:7      | Identified a scroll of acquirement
  1412 | D:7      | Acquired a +0 battleaxe of electrocution
  1419 | D:7      | HP: 1/70 [Harold (13)]
  1420 | D:7      | Mangled by Harold

Illustrated notes

Levels and vault maps discovered:
D:1:      saegor_arrival_simple_e, layout_basic, st_stairs_9
D:2:      layout_loops_ring
D:3:      layout_rooms, mainiacjoe_overflow_catwalk, portal_sewer_entry_b
D:4:      layout_gridville, mainiacjoe_overflow_small_starburst, serial_shops,
          shop
D:5:      layout_loops_corners, grunt_ashenzari_visionary
          [grunt_ashenzari_visionary_shoals, grunt_ashenzari_visionary_spider],
          minmay_temple_entry_ruins, serial_shops, nicolae_shop_crystal,
          hangedman_decor_growths
D:6:      layout_layer_cave, mainiacjoe_overflow_paths, serial_shops,
          nicolae_shop_stone, shop, nicolae_shop_waterfront,
          grunt_decor_mini_mirrors, hangedman_decor_diamond_cutter,
          uniq_blork_the_orc
D:7:      layout_basic, trog_ov_bears_minmay, gammafunk_ghost_grave,
          worms_lemuel, uniq_harold

Skill      XL: |  1  2  3  4  5  6  7  8 |
---------------+-------------------------+-----
Axes           | 4 5 6 7 8 9 |  9.1
Dodging        | 3 4 |  4.8
Fighting       | 4 5 |  5.8
Evocations     | 1 2 |  2.7

Action                   |  1- 3 |  4- 6 |  7- 9 || total
-------------------------+-------+-------+-------++-------
Melee: Hand axe          |    35 |    55 |       ||    90
       Tailslap          |     3 |     8 |    19 ||    30
       War axe           |       |    20 |   126 ||   146
Invok: Berserk           |     3 |     5 |     7 ||    15
       Trog's Hand       |       |       |     1 ||     1
  Use: Scroll            |       |       |     7 ||     7
       Potion            |       |       |     3 ||     3
 Stab: Sleeping          |       |     1 |       ||     1
Armor: Skin              |    12 |    18 |    78 ||   108
Dodge: Dodged            |    19 |    17 |    72 ||   108
Block: Tower shield      |       |    37 |   112 ||   149
